 Dungeon Crawl Stone Soup version 0.31-a0-691-g409c26aa35 (webtiles) character file.

Game seed: 7953070955467786306

389 qw the Shooter (level 6, 0/38 HPs)
             Began as a Gargoyle Hunter on Sept 6, 2023.
             Slain by a scorpion (6 damage)
             ... on level 5 of the Dungeon.
             The game lasted 00:01:09 (3164 turns).

qw the Shooter (Gargoyle Hunter)                    Turns: 3164, Time: 00:01:10

Health: 0/38       AC:  9    Str: 14      XL:     6   Next: 79%
Magic:  6/6        EV: 11    Int:  9 (10) God:
Gold:   140        SH:  0    Dex: 14 (15) Spells: 5/5 levels left

rFire   . . .        Y - +0 shortbow
rCold   . . .        (shield currently unavailable)
rNeg    + . .        c - +0 leather armour
rPois   inf          b - +1 helmet
rElec   +            (no cloak)
rCorr   .            (no gloves)
SInv    .            (no boots)
Will    .....        e - amulet of faith
Stlth   +            (no ring)
HPRegen 0.26/turn    (no ring)
MPRegen 0.10/turn

%: faith
@: no status effects
A: sickness immunity, AC +4, negative energy resistance 1, electricity
resistance, torment resistance 1, petrification resistance
a: no special abilities


You were on level 5 of the Dungeon.
You visited 1 branch of the dungeon, and saw 5 of its levels.

You collected 140 gold pieces.


Innate Abilities, Weirdness & Mutations

You are immune to sickness and miasma.
Your stone body is resilient. (AC +4)
You are immune to poison.
You resist negative energy. (rN+)
You are resistant to electric shocks. (rElec)
You are resistant to unholy torment.
You are immune to petrification.


   Skills:
 - Level 4.2 Fighting
 + Level 6.8 Ranged Weapons
 - Level 1.7 Armour
 - Level 1.5 Dodging
 - Level 1.1 Stealth


You had 5 spell levels left.
You didn't know any spells.
Your spell library was empty.

Inventory:

Hand Weapons
 Y - a +0 shortbow (weapon)
Armour
 b - a +1 helmet (worn)
 c - a +0 leather armour (worn)
Jewellery
 a - a ring of positive energy
 e - an amulet of faith (around neck)
 h - an amulet of reflection
Scrolls
 d - a scroll of identify
Potions
 f - a potion of enlightenment
 k - a potion of curing
 l - a potion of resistance

Dungeon Overview and Level Annotations

Branches:
Dungeon (5/15)
 Temple: D:4-7

Altars:
Hepliaklqana
Kikubaaqudgha
Zin
The Shining One


Message History

A scorpion comes into view.
You shoot an arrow. The arrow hits the ogre.
The ogre is lightly wounded.
You shoot an arrow. The arrow completely misses the ogre.
You shoot an arrow. The arrow hits the ogre.
The ogre is moderately wounded.
You shoot an arrow. The arrow hits the ogre!
The ogre is heavily wounded.
The ogre hits you with a +0 giant spiked club!!
Ouch! That really hurt!
You shoot an arrow. The arrow hits the ogre.
The ogre is heavily wounded.
The scorpion stings you but does no damage.
You shoot an arrow. The arrow barely misses the ogre.
The ogre closely misses you. The scorpion stings you.
You shoot an arrow. The arrow hits the ogre.
The ogre is severely wounded.
The scorpion barely misses you. The ogre barely misses you.
You shoot an arrow. The arrow hits the ogre!
The ogre is almost dead.
The scorpion closely misses you. The scorpion stings you.
The ogre barely misses you.
You shoot an arrow. The arrow closely misses the ogre.
The scorpion barely misses you.
You shoot an arrow.
The arrow hits the ogre but does no damage.
The ogre is almost dead.
The ogre misses you.
The scorpion stings you but does no damage.
The scorpion barely misses you.
You shoot an arrow. The arrow hits the ogre!
You kill the ogre!
The scorpion stings you.
You feel your dexterity returning.
You shoot an arrow. The arrow barely misses the scorpion.
The scorpion closely misses you.
You shoot an arrow. The arrow hits the scorpion.
The scorpion is moderately wounded.
The scorpion stings you.
You die...

.... ..... .<...
.....# ......#
#....### ####
#..s..####....
#)@........#
##.........#
##.........
##..>..###
##....##
#########....##
##............#
##...####.....##
##..### #######


You could see a scorpion.

Vanquished Creatures
  An ogre (D:5)
  A phantom (D:4)
  A hound (D:4)
  2 jellies
  An iguana (D:4)
  2 adders
  4 gnolls (D:2)
  2 worms
  An orc (D:4)
  5 endoplasms
  4 giant cockroaches
  3 goblins (D:1)
  8 hobgoblins
  4 jackals (D:3)
  4 quokkas
  4 ball pythons
  4 bats
  A frilled lizard (D:1)
  4 kobolds
  4 rats
60 creatures vanquished.

Vanquished Creatures (others)
  A human (D:4)
1 creature vanquished.

Grand Total: 61 creatures vanquished

Notes
Turn   | Place    | Note
-------+----------+-------------------------------------------
     0 | D:1      | qw the Gargoyle Hunter began the quest for the Orb.
     0 | D:1      | Reached XP level 1. HP: 12/12 MP: 1/1
     0 | D:1      | 0 ||| qw: Version: 0.3-a-76-g4403597
     0 | D:1      | 0 ||| qw: Game counter: 28
     0 | D:1      | 0 ||| qw: Melee chars always use a shield: true
     0 | D:1      | 0 ||| qw: God list: Okawaru
     0 | D:1      | 0 ||| qw: Allow faded altars: false
     0 | D:1      | 0 ||| qw: Do Orc after clearing Dungeon:15 true
     0 | D:1      | 0 ||| qw: Do second Lair branch before Depths: true
     0 | D:1      | 0 ||| qw: Lair rune preference: random
     0 | D:1      | 0 ||| qw: Goals: Normal
     0 | D:1      | 0 ||| PLANNING D:1-11
   274 | D:1      | Reached XP level 2. HP: 17/17 MP: 2/2
   490 | D:1      | Found a faded altar of an unknown god.
   884 | D:1      | 884 ||| READING 2 scrolls labelled VOEXKAVV XINK.
   888 | D:1      | 888 ||| DRINKING 2 sedimented red potions.
   889 | D:1      | 889 ||| DROPPING scroll of butterflies.
  1020 | D:2      | Reached skill level 5 in Ranged Weapons
  1020 | D:2      | Reached XP level 3. HP: 21/21 MP: 3/3
  1031 | D:2      | 1031 ||| FLEEEEING.
  1032 | D:2      | 1032 ||| FLEEEEING.
  1033 | D:2      | 1033 ||| FLEEEEING.
  1034 | D:2      | 1034 ||| FLEEEEING.
  1035 | D:2      | 1035 ||| FLEEEEING.
  1036 | D:2      | 1036 ||| FLEEEEING.
  1037 | D:2      | 1037 ||| FLEEEEING.
  1038 | D:2      | 1038 ||| FLEEEEING.
  1039 | D:2      | 1039 ||| FLEEEEING.
  1040 | D:2      | 1040 ||| FLEEEEING.
  1041 | D:2      | 1041 ||| FLEEEEING.
  1042 | D:2      | 1042 ||| FLEEEEING.
  1043 | D:2      | 1043 ||| FLEEEEING.
  1044 | D:2      | 1044 ||| FLEEEEING.
  1045 | D:2      | 1045 ||| FLEEEEING.
  1046 | D:2      | 1046 ||| FLEEEEING.
  1047 | D:2      | 1047 ||| FLEEEEING.
  1048 | D:2      | 1048 ||| FLEEEEING.
  1049 | D:2      | 1049 ||| FLEEEEING.
  1050 | D:2      | 1050 ||| FLEEEEING.
  1051 | D:2      | 1051 ||| FLEEEEING.
  1052 | D:2      | 1052 ||| FLEEEEING.
  1053 | D:2      | 1053 ||| FLEEEEING.
  1056 | D:2      | 1056 ||| STAIRDANCE
  1198 | D:2      | Reached skill level 3 in Fighting
  1709 | D:2      | Reached XP level 4. HP: 26/28 MP: 4/4
  1733 | D:2      | 1733 ||| UPGRADING to +0 helmet.
  1738 | D:2      | 1738 ||| READING scroll labelled QAONEU CIOMM.
  1739 | D:2      | 1739 ||| READING scroll labelled JAACAL MIMPUEG.
  1740 | D:2      | 1740 ||| DRINKING 2 yellow potions.
  1793 | D:3      | 1793 ||| STAIRDANCE
  2191 | D:3      | 2191 ||| UPGRADING to amulet of reflection.
  2196 | D:3      | 2196 ||| DRINKING 2 fizzy black potions.
  2205 | D:3      | 2205 ||| DRINKING 2 purple potions.
  2206 | D:3      | 2206 ||| READING 2 scrolls of identify.
  2206 | D:3      | 2206 ||| IDENTIFYING viscous puce potion
  2207 | D:3      | 2207 ||| DROPPING potion of berserk rage.
  2208 | D:3      | 2208 ||| DROPPING potion of ambrosia.
  2209 | D:3      | 2209 ||| DROPPING potion of degeneration.
  2294 | D:4      | Found a glowing golden altar of the Shining One.
  2314 | D:4      | Found a hazy altar of Hepliaklqana.
  2379 | D:4      | Noticed a phantom
  2413 | D:4      | Killed a phantom
  2414 | D:4      | Reached skill level 6 in Ranged Weapons
  2414 | D:4      | Reached XP level 5. HP: 9/32 MP: 5/5
  2526 | D:4      | Reached skill level 1 in Armour
  2531 | D:4      | HP: 8/32 [iguana (5)]
  2532 | D:4      | 2532 ||| READING scroll of teleportation.
  2532 | D:4      | HP: 1/32 [iguana (7)]
  2533 | D:4      | 2533 ||| DRINKING potion of heal wounds.
  2537 | D:4      | Reached XP level 6. HP: 10/37 MP: 6/6
  2646 | D:4      | Found an ancient bone altar of Kikubaaqudgha.
  2662 | D:4      | Noticed a human
  2663 | D:4      | Killed a human
  3020 | D:4      | Found a glowing silver altar of Zin.
  3029 | D:4      | 3029 ||| UPGRADING to amulet of faith.
  3039 | D:4      | 3039 ||| READING 2 scrolls labelled FOLYC ZYRGH.
  3040 | D:4      | 3040 ||| READING 2 scrolls labelled REQULAJAFU.
  3041 | D:4      | 3041 ||| READING scroll of enchant armour.
  3041 | D:4      | 3041 ||| ENCHANTING +0 helmet.
  3042 | D:4      | 3042 ||| DRINKING 2 grey potions.
  3043 | D:4      | 3043 ||| READING 4 scrolls of identify.
  3043 | D:4      | 3043 ||| IDENTIFYING green potion
  3044 | D:4      | 3044 ||| READING 3 scrolls of identify.
  3044 | D:4      | 3044 ||| IDENTIFYING murky red potion
  3045 | D:4      | 3045 ||| READING 2 scrolls of identify.
  3045 | D:4      | 3045 ||| IDENTIFYING fizzy dark potion
  3046 | D:4      | 3046 ||| DROPPING scroll of fog.
  3047 | D:4      | 3047 ||| DROPPING potion of brilliance.
  3048 | D:4      | 3048 ||| DROPPING potion of magic.
  3083 | D:5      | Entered Level 5 of the Dungeon
  3155 | D:5      | HP: 9/38 [ogre/+0 giant spiked club (29)]
  3162 | D:5      | HP: 6/38 [scorpion (1)]
  3164 | D:5      | Slain by a scorpion

Levels and vault maps discovered:
D:1:      dpeg_arrival_pond, layout_loops_corners,
          hellmonk_ecumenical_altar_slurped_away
D:2:      layout_loops_ring, kennysheep_small_spiral
D:3:      layout_basic
D:4:      layout_loops_ring, tso_altar, tgw_kikubaaqudgha, lemuel_doored_altar,
          zin_statuary, minmay_starry_boxes
D:5:      layout_layer_cave, mainiacjoe_overflow_paths, slow_altar_2,
          minmay_temple_entry_slanted, serial_shops, shop

Skill      XL: |  1  2  3  4  5  6 |
---------------+-------------------+-----
Ranged Weapons | 5 6 |  6.8
Fighting       | 3 4 |  4.2
Armour         | 1 |  1.7
Dodging        | |  1.5
Stealth        | |  1.1

Action                     |  1- 3 |  4- 6 || total
---------------------------+-------+-------++-------
   Fire: Shortbow          |   102 |   149 ||   251
    Use: Scroll            |     1 |    10 ||    11
         Potion            |     1 |     5 ||     6
 Armour: Leather armour    |    27 |    67 ||    94
  Dodge: Dodged            |    19 |    47 ||    66
  Block: Other             |       |    11 ||    11

Table legend:
 A = Non-vault XP
 B = Vault XP
 C = Vault XP percentage of total XP
 D = Non-vault monster count
 E = Vault monster count
 F = Vault count percentage of total count
                 A         B        C        D         E       F
            +---------+---------+-------+---------+---------+-------
      Total |     360 |     197 |  35.4 |      52 |       8 |  13.3
            +---------+---------+-------+---------+---------+-------
        D:1 |      23 |       2 |   8.0 |      14 |       1 |   6.7
        D:2 |      89 |       0 |   0.0 |      17 |       0 |   0.0
        D:3 |      24 |       0 |   0.0 |      12 |       0 |   0.0
        D:4 |      50 |     195 |  79.6 |       6 |       7 |  53.8
        D:5 |     174 |       0 |   0.0 |       3 |       0 |   0.0
            +---------+---------+-------+---------+---------+-------
